 Dungeon Crawl Stone Soup version 0.31-a0-971-g75a2e9a4b4 (webtiles) character file.

Game seed: 14222611459308253797

63079 Conn the Covert (level 15, -4/98 HPs)
             Began as an Octopode Fire Elementalist on Oct 28, 2023.
             Was a High Priest of Sif Muna.
             Killed by an exploding bloated husk (30 damage)
             ... set off by themself
             ... on level 1 of the Swamp.
             The game lasted 01:22:03 (23766 turns).

Conn the Covert (Octopode Fire Elementalist)       Turns: 23766, Time: 01:22:03

Health: -4/98      AC:  2    Str:  8    XL:     15   Next: 8%
Magic:  21/40      EV: 20    Int: 33    God:    Sif Muna [*****.]
Gold:   939        SH:  3    Dex: 12    Spells: 6/34 levels left

rFire   + + .        u - +7 dagger of Nogh {spect, Fragile Will+ Int+5 Stlth+}
rCold   x . .        E - +0 buckler of the Arena {rElec rPois Regen+}
rNeg    + . .        T - melded +2 hat
rPois   +            c - amulet of the acrobat
rElec   +            l - ring of fire
rCorr   +            o - ring of protection from fire
SInv    +            y - +5 ring of evasion
Will    ++++.        F - ring of wizardry
Stlth   +++++++      j - ring of positive energy
HPRegen 1.16/turn    P - ring of magical power
MPRegen 0.27/turn    U - ring of see invisible
                     S - ring of Osadi {rElec Will+ rCorr Int+3}

%: acrobat, wizardry (x1)
@: beast-form, marked
A: beast (slay +2), almost no armour, amphibious, 8 rings, camouflage 1,
gelatinous body 1, nimble swimmer 1, tentacles, high MP 1, strong-willed 1,
shaggy fur 1
a: Begin Untransformation, Renounce Religion, Channel Magic, Forget Spell,
Divine Exegesis


You were on level 1 of the Swamp.
You worshipped Sif Muna.
Sif Muna was extremely pleased with you.
You were a hulking beast.
You visited 6 branches of the dungeon, and saw 20 of its levels.

You collected 2130 gold pieces.
You spent 1191 gold pieces at shops.

Inventory:

Hand Weapons
 u - the +7 dagger of Nogh (weapon) {spect, Fragile Will+ Int+5 Stlth+}
   (You bought it in a shop on level 1 of the Dungeon)

   Int+5:     It affects your intelligence (+5).
   Will+:     It increases your willpower.
   Fragile:   It will be destroyed if unequipped.
   Stlth+:    It makes you more stealthy.
 x - the +1 great sword of Moderation {flame, rN+ Int+4 Dex+6}
   (You found it on level 4 of the Lair of Beasts)

   Int+4:     It affects your intelligence (+4).
   Dex+6:     It affects your dexterity (+6).
   rN+:       It protects you from negative energy.
Missiles
 p - 6 throwing nets
 K - 2 curare-tipped darts (quivered)
Armour
 E - the +0 buckler of the Arena (worn) {rElec rPois Regen+}
   (You found it on level 3 of the Lair of Beasts)

   rElec:     It insulates you from electricity.
   rPois:     It protects you from poison Regen+: It increases your rate of
   health regeneration.
 T - a +2 hat (melded)
Magical Staves
 M - a staff of air
 W - a staff of cold
Jewellery
 c - an amulet of the acrobat (around mantle)
 d - a ring of flight
 j - a ring of positive energy (on tentacle)
 l - a ring of fire (left tentacle)
 o - a ring of protection from fire (right tentacle)
 y - a +5 ring of evasion (on tentacle)
 F - a ring of wizardry (on tentacle)
 P - a ring of magical power (on tentacle)
 Q - a ring of willpower
 S - the ring of Osadi (on tentacle) {rElec Will+ rCorr Int+3}
   (You bought it in a shop on level 10 of the Dungeon)

   [ring of resist corrosion]

   Int+3:     It affects your intelligence (+3).
   rElec:     It insulates you from electricity.
   Will+:     It increases your willpower.
   rCorr:     It protects you from acid and corrosion.
 U - a ring of see invisible (on tentacle)
 Z - a ring of fire
Talismans
 w - a beast talisman (active)
Wands
 r - a wand of acid (31)
 B - a wand of flame (63)
 C - a wand of iceblast (18)
 G - a wand of paralysis (4)
 L - a wand of polymorph (16)
 O - a wand of mindburst (9)
Scrolls
 f - 4 scrolls of immolation
 k - 2 scrolls of torment
 n - 3 scrolls of teleportation
 q - 2 scrolls of amnesia
 v - 3 scrolls of poison
 A - 3 scrolls of revelation
 H - 2 scrolls of noise
 N - 4 scrolls of fog
 R - a scroll of vulnerability
Potions
 a - a potion of magic
 b - 4 potions of curing
 g - 5 potions of lignification
 h - 5 potions of haste
 i - 3 potions of mutation
 m - 3 potions of enlightenment
 s - a potion of invisibility
 t - 2 potions of ambrosia {unknown}
 z - a potion of heal wounds
 I - a potion of might
 V - a potion of cancellation
 X - 2 potions of brilliance
 Y - a potion of resistance {unknown}


   Skills:
 + Level 7.6 Fighting
 - Level 5.0 Short Blades
 + Level 8.1 Dodging
 - Level 10.0 Stealth
 * Level 10.0 Spellcasting
 * Level 9.8 Conjurations
 - Level 7.0 Hexes
 - Level 5.0 Summonings
 + Level 8.1 Fire Magic
 - Level 8.0 Ice Magic
 - Level 3.0 Air Magic
 - Level 3.0 Poison Magic
 * Level 9.3 Invocations
 - Level 5.0 Shapeshifting


You had 6 spell levels left.
You knew the following spells:

 Your Spells              Type           Power      Damage    Failure   Level
a - Foxfire               Conj/Fire      100%       2x1d9     1%          1
b - Scorch                Fire           100%       2d9       1%          2
c - Inner Flame           Hex/Fire       79%        N/A       1%          3
d - Flame Wave            Conj/Fire      85%        2d18      1%          4
e - Summon Guardian Gole  Hex/Summ       54%        N/A       1%          3
f - Hailstorm             Conj/Ice       66%        3d14      1%          3
g - Fireball              Conj/Fire      42%        3d17      1%          5
h - Mephitic Cloud        Conj/Pois/Air  50%        N/A       1%          3
i - Brom's Barrelling Bo  Conj/Erth      48%        2d7       2%          4

Your spell library contained the following spells:

 Spells                   Type           Power      Damage    Failure   Level
 Freeze                   Ice            100%       1d10      1%          1
 Necrotise                Necr           64%        1d7       1%          1
 Summon Small Mammal      Summ           100%       N/A       1%          1
 Cigotuvi's Dreadful Rot  Necr/Pois/Air  58%        N/A       1%          2
 Jinxbite                 Hex            100%       N/A       1%          2
 Momentum Strike          Conj/Tloc      96%        3d10      1%          2
 Poisonous Vapours        Pois/Air       72%        N/A       1%          2
 Call Canine Familiar     Summ           49%        N/A       1%          3
 Frozen Ramparts          Ice            100%       1d16      1%          3
 Ignite Poison            Fire/Tmut/Pois 57%        N/A       1%          3
 Tukima's Dance           Hex            58%        N/A       1%          3
 Volatile Blastmotes      Fire/Tloc      100%       2d18      1%          3
 Fulminant Prism          Conj/Hex       32%        3d15      1%          4
 Sticky Flame             Conj/Fire      85%        2d10      1%          4
 Summon Ice Beast         Ice/Summ       56%        N/A       1%          4
 Iskenderun's Battlesphe  Conj           69%        2d12      1%          5
 Lesser Beckoning         Tloc           32%        N/A       2%          2
 Freezing Cloud           Conj/Ice/Air   29%        6-21      3%          5
 Gell's Gravitas          Tloc           16%        N/A       6%          3
 Teleport Other           Tloc           16%        N/A       6%          3
 Vampiric Draining        Necr           16%        2d7       6%          3
 Silence                  Hex/Air        24%        N/A       6%          5
 Animate Dead             Necr           16%        N/A       17%         4
 Dispel Undead            Necr           16%        3d10      17%         4
 Manifold Assault         Tloc           16%        N/A       17%         4
 Conjure Ball Lightning   Conj/Air       28%        3x3d8     21%         6
 Alistair's Intoxication  Tmut/Pois      17%        N/A       26%         5
 Agony                    Necr           16%        N/A       43%         5
 Borgnjor's Vile Clutch   Necr/Erth      8%         N/A       43%         5
 Eringya's Noxious Bog    Tmut/Pois      13%        4d6       80%         6
 Death Channel            Necr           8%         N/A       93%         6
 Dispersal                Tloc           8%         N/A       93%         6
 Orb of Destruction       Conj           34%        9d10      26%         7
 Haunt                    Necr/Summ      16%        N/A       99%         7
 Disjunction              Tloc           8%         N/A       100%        8
 Infestation              Necr           8%         N/A       100%        8
 Fire Storm               Conj/Fire      42%        8d11      100%        9


Dungeon Overview and Level Annotations

Branches:
Dungeon (10/15)            Temple (1/1) D:6            Lair (5/5) D:8
  Swamp (1/4) Lair:2        Snake (0/4) Lair:3        Slime (0/5) Lair:4
    Orc (2/2) D:10            Elf (1/3) Orc:2

Altars:
Ashenzari
Cheibriados
Dithmenos
Elyvilon
Fedhas
Gozag
Hepliaklqana
Kikubaaqudgha
Makhleb
Nemelex Xobeh
Okawaru
Qazlal
Ru
Sif Muna
Trog
Uskayaw
Vehumet
Wu Jian
Xom
Yredelemnul
Zin
The Shining One

Shops:
D:1 (:!!   D:7 *   D:10 =   Orc:2 **(!:

Annotations:
Elf:1 Donald


Innate Abilities, Weirdness & Mutations

You are a hulking beast.
Your limbs bulge with bestial killing power. (Slay +2)
You cannot wear most types of armour.
You are amphibious.
You can wear up to eight rings at the same time.
Your skin changes colour to match your surroundings (Stealth+).
Your rubbery body absorbs attacks. (AC +1, EV +1)
You are camouflaged when in or above water. (Stealth+)
You have tentacles for arms and can constrict up to eight enemies at once.
You have an increased reservoir of magic. (+10% MP)
You are strong-willed. (Will+)
You are covered in fur. (AC +1)


Message History

The alligator is almost dead.
The flame wave engulfs the eight-headed hydra!
The eight-headed hydra is almost dead.
The flame wave engulfs the tyrant leech!
The tyrant leech is almost dead.
The flame wave engulfs the bloated husk!
The bloated husk is almost destroyed.
The flame wave engulfs the eleionoma!
The eleionoma is moderately wounded.
The eleionoma is engulfed in blazing flames.
The alligator is engulfed in noxious fumes.
The eight-headed hydra is engulfed in blazing flames.
The eight-headed hydra completely misses you.
The eight-headed hydra bites you.
* * * LOW HITPOINT WARNING * * *
The eight-headed hydra barely misses you.
You block the eight-headed hydra's attack.
The eight-headed hydra completely misses you.
The eight-headed hydra misses you. The eight-headed hydra bites you!
* * * LOW HITPOINT WARNING * * *
The eight-headed hydra barely misses you.
The tyrant leech is engulfed in noxious fumes.
The tyrant leech appears confused.
The tyrant leech completely misses you.
Press: ? - help, v - describe, . - travel, g - get item
Here: a bloated husk (steam, almost destroyed) Item here: Great Wizards, Vol.
VII.
The floor.
Okay, then.
Unknown command.
Unknown command.
Okay, then.
You feel much better.
The bloated husk is engulfed in a cloud of scalding steam.
Sif Muna accepts your kill.
The bloated husk explodes!
The blast of putrescent gases engulfs the eight-headed hydra!!
The eight-headed hydra dies!
The blast of putrescent gases engulfs the eleionoma!!
The blast of putrescent gases engulfs you!!
You die...

♣~.§....~♣ ~...§~
~.~~§~..♣ ...~~~
♣.~~§~.♣ ..~~~~♣
♣.†~..♣
.>~~~.$♣♣♣♣♣.†..♣
~.~§~§.§~§§~~~..♣
~~..§§.§§§.~~~..♣
..~§~§○§☼§.~...♣♣
♣§○Rh○t....♣♣
♣☼§☼§w.....♣
♣○§°§§....♣♣
♣○§§§○§○♣♣♣
♣♣♣♣♣♣♣♣♣


You could see an eleionoma, an alligator (confused) and a tyrant leech
(confused).

Vanquished Creatures
  Gastronok (Orc:1)
  A bunyip (Swamp:1)
  Snorg (Orc:2)
  8 hydras
  A catoblepas (Lair:5)
  An alligator (Swamp:1)
  A boulder beetle (D:8)
  3 death yaks (Lair:5)
  2 two-headed ogres (D:9)
  A vampire mage (Lair:2)
  Urug (Orc:1)
  3 skysharks
  Amaemon (Lair:1)
  3 goliath frogs (Swamp:1)
  Pikel (D:5)
  A bog body (Lair:2)
  A lindwurm (Lair:5)
  3 deep elf pyromancers
  An orc knight (Orc:2)
  A deep elf zephyrmancer (Elf:1)
  2 manticores (Lair:5)
  Maurice (D:8)
  16 elephants
  4 black mambas
  A torpor snail (Lair:3)
  15 cane toads
  An orange demon (Lair:1)
  4 rime drakes
  9 komodo dragons
  2 bloated husks (Swamp:1)
  3 polar bears
  A tyrant leech (Swamp:1)
  14 blink frogs
  7 dream sheep (Lair:5)
  A hornet (D:9)
  2 spriggans (Lair:2)
  A wraith (D:6)
  4 wyverns
  2 basilisks
  48 yaks
  A steam dragon (D:10)
  A human (Lair:2)
  3 nagas (Lair:3)
  5 swamp worms
  An acid dragon (D:9)
  14 water moccasins
  34 orc warriors
  A sky beast (D:7)
  6 black bears
  5 ogres
  4 ice beasts
  6 wolves
  13 centaurs
  A lemure (D:5)
  2 phantoms (D:5)
  3 kobold brigands
  14 bullfrogs
  3 gnoll sergeants
  5 scorpions
  A wight (D:5)
  12 killer bees (D:8)
  2 electric eels (Lair:2)
  2 howler monkeys (D:8)
  A lava snake (Lair:4)
  11 orc priests
  3 hounds
  5 jellies
  A gnoll bouda (D:5)
  Ijyb (D:3)
  Natasha (thrice) (D:2)
  6 iguanas
  15 orc wizards
  23 gnolls
  13 adders
  2 shadow imps (D:5)
  5 white imps (D:10)
  3 ufetubi
  4 worms
  4 dart slugs
  107 orcs
  2 giant cockroaches
  14 goblins
  8 hobgoblins
  13 jackals
  4 quokkas
  5 ball pythons
  2 bats
  3 frilled lizards
  35 kobolds
  5 rats
  A butterfly (Lair:1)
  A spectral weapon (Lair:3)
613 creatures vanquished.

Vanquished Creatures (collateral kills)
  A boulder (Lair:5)
  11 foxfires
12 creatures vanquished.

Vanquished Creatures (others)
  A hydra (Swamp:1)
  An alligator (Swamp:1)
  A tyrant leech (Swamp:1)
  An orc warrior (Orc:2)
  A kobold (D:4)
  2 boulders
  1851 foxfires
  A spectral weapon (Lair:5)
1859 creatures vanquished.

Grand Total: 2484 creatures vanquished

Notes
Turn   | Place    | Note
-------+----------+-------------------------------------------
     0 | D:1      | Conn the Octopode Fire Elementalist began the quest for the
                  | Orb.
     0 | D:1      | Reached XP level 1. HP: 11/11 MP: 3/3
   134 | D:1      | Reached XP level 2. HP: 17/17 MP: 0/5
   564 | D:1      | Found Seriunk's Distillery.
   568 | D:1      | Bought a potion of lignification for 33 gold pieces
   602 | D:1      | You fall into a shaft and drop 1 floor!
   800 | D:1      | Found Umnihel's Distillery.
   829 | D:1      | Found Mututs's Book Shoppe.
   837 | D:1      | Reached XP level 3. HP: 21/21 MP: 3/6
   840 | D:1      | Found Piet's Antique Weapon Shop.
  1395 | D:2      | Noticed Natasha
  1428 | D:1      | Learned a level 2 spell: Scorch
  1432 | D:1      | Learned a level 3 spell: Inner Flame
  1482 | D:2      | Killed Natasha
  1483 | D:2      | Reached XP level 4. HP: 27/27 MP: 3/7
  1572 | D:2      | Noticed Natasha
  1583 | D:2      | Killed Natasha
  1584 | D:2      | Reached skill level 1 in Hexes
  1773 | D:2      | Noticed Natasha
  1777 | D:2      | Killed Natasha
  1778 | D:2      | Reached XP level 5. HP: 31/31 MP: 3/8
  2891 | D:3      | Reached XP level 6. HP: 36/36 MP: 5/10
  3013 | D:3      | Found a glowing golden altar of the Shining One.
  3209 | D:3      | Noticed Ijyb
  3214 | D:3      | Killed Ijyb
  3517 | D:3      | Learned a level 4 spell: Flame Wave
  3605 | D:1      | Bought an ancient dagger for 133 gold pieces
  3605 | D:1      | Identified the +7 dagger of Nogh {spect, Fragile Will+
                  | Int+5 Stlth+} (You bought it in a shop on level 1 of the
                  | Dungeon)
  4410 | D:4      | Reached XP level 7. HP: 42/42 MP: 6/11
  4816 | D:4      | Reached skill level 1 in Short Blades
  4900 | D:4      | Reached skill level 1 in Fighting
  5279 | D:5      | Entered Level 5 of the Dungeon
  5370 | D:5      | Noticed Pikel
  5389 | D:5      | Killed Pikel
  5390 | D:5      | Reached skill level 5 in Stealth
  5390 | D:5      | Reached XP level 8. HP: 18/50 MP: 1/14
  6123 | D:5      | Reached XP level 9. HP: 55/55 MP: 8/16
  6144 | D:5      | Reached skill level 5 in Hexes
  6186 | D:5      | Reached skill level 5 in Spellcasting
  6398 | D:5      | Reached skill level 5 in Fire Magic
  6749 | D:5      | Learned a level 3 spell: Summon Guardian Golem
  6799 | D:6      | Found an ancient bone altar of Kikubaaqudgha.
  6853 | D:6      | Found a staircase to the Ecumenical Temple.
  6876 | D:6      | Reached skill level 1 in Summonings
  7312 | Temple   | Entered the Ecumenical Temple
  7324 | Temple   | Became a worshipper of Sif Muna the Loreminder
  7774 | D:6      | Learned a level 3 spell: Hailstorm
  8236 | D:7      | Reached skill level 1 in Shapeshifting
  8236 | D:7      | Reached * piety under Sif Muna
  8237 | D:7      | Reached skill level 5 in Dodging
  8237 | D:7      | Reached skill level 1 in Ice Magic
  8237 | D:7      | Reached skill level 1 in Invocations
  8237 | D:7      | Reached XP level 10. HP: 56/63 MP: 5/18
  8369 | D:7      | Found Jigeag's Elemental Accessories.
  8907 | D:8      | Noticed Maurice
  8914 | D:8      | Maurice stole a staff of air
  8917 | D:8      | Killed Maurice
  9331 | D:8      | Found a staircase to the Lair.
  9511 | D:8      | Noticed a boulder beetle
  9577 | D:8      | Killed a boulder beetle
  9972 | D:9      | Noticed a two-headed ogre
 10148 | D:9      | Killed a two-headed ogre
 10149 | D:9      | Reached skill level 5 in Conjurations
 10149 | D:9      | Reached XP level 11. HP: 56/69 MP: 18/20
 10348 | D:9      | Noticed a two-headed ogre
 10353 | D:9      | Killed a two-headed ogre
 10690 | D:9      | Gained mutation: You are strong-willed. (Will+) [potion of
                  | mutation]
 10690 | D:9      | Gained mutation: You are covered in fur. (AC +1) [potion of
                  | mutation]
 10690 | D:9      | Gained mutation: You have an increased reservoir of magic.
                  | (+10% MP) [potion of mutation]
 10716 | D:10     | Entered Level 10 of the Dungeon
 10725 | D:10     | Reached ** piety under Sif Muna
 10929 | D:10     | Found a staircase to the Orcish Mines.
 11343 | D:10     | Reached *** piety under Sif Muna
 11439 | D:10     | Noticed a deep elf pyromancer
 11445 | D:10     | Killed a deep elf pyromancer
 11672 | D:10     | Found a radiant altar of Vehumet.
 11684 | D:10     | Found Emezuub's Jewellery Shop.
 11696 | D:10     | Bought the ring of Osadi {rElec Will+ rCorr Int+3} for 504
                  | gold pieces
 11777 | D:10     | Learned a level 5 spell: Fireball
 12203 | Orc:1    | Entered Level 1 of the Orcish Mines
 12478 | D:1      | Bought a book of Vapours for 260 gold pieces
 12801 | Orc:1    | Noticed Urug
 12822 | Orc:1    | Killed Urug
 13096 | Orc:1    | Noticed Gastronok
 13106 | Orc:1    | Killed Gastronok
 13252 | Orc:1    | Reached skill level 5 in Summonings
 13520 | Orc:2    | Entered Level 2 of the Orcish Mines
 13524 | Orc:2    | Noticed Snorg
 13616 | Orc:2    | Reached **** piety under Sif Muna
 13670 | Orc:2    | Found a staircase to the Elven Halls.
 13779 | Orc:2    | Reached XP level 12. HP: 61/76 MP: 24/24
 13815 | Orc:2    | Reached skill level 5 in Short Blades
 13815 | Orc:2    | Found Yxioxt's Assorted Antiques.
 14086 | Orc:2    | Reached skill level 5 in Fighting
 14295 | Orc:2    | Reached skill level 5 in Ice Magic
 14756 | Orc:2    | Bought a pink potion for 31 gold pieces
 14897 | Orc:2    | Found Raucius's Assorted Antiques.
 14898 | Orc:2    | Found Zetantov's Distillery.
 14898 | Orc:2    | Found Hyf Cutz's Antique Weapon Emporium.
 14927 | Orc:2    | Found Echilunly's Book Boutique.
 14936 | Orc:2    | Bought a potion of heal wounds for 65 gold pieces
 14939 | Orc:2    | Bought a knobbly glass ring for 165 gold pieces
 15255 | Orc:2    | Killed Snorg
 15256 | Orc:2    | Reached skill level 5 in Invocations
 15490 | Crypt:3  | Identified the "Rieso"
 15490 | Elf:1    | Entered Level 1 of the Elven Halls
 15494 | Elf:1    | Noticed Donald
 15494 | Elf:1    | Noticed a deep elf knight
 15652 | Lair:1   | Entered Level 1 of the Lair of Beasts
 15690 | Lair:1   | Reached ***** piety under Sif Muna
 16033 | Lair:1   | Noticed Amaemon
 16040 | Lair:1   | Killed Amaemon
 16437 | Lair:1   | Reached XP level 13. HP: 83/83 MP: 25/27
 17254 | Lair:3   | Found a staircase to the Snake Pit.
 17696 | Lair:2   | Found a staircase to the Swamp.
 18188 | Lair:2   | Found a runed translucent door.
 18192 | Lair:2   | Identified the of Hauddetu (Sif Muna gifted it to you on
                  | level 2 of the Lair of Beasts)
 18192 | Lair:2   | Received a gift from Sif Muna
 18200 | Lair:2   | Learned a level 3 spell: Mephitic Cloud
 18205 | Lair:2   | Learned a level 4 spell: Brom's Barrelling Boulder
 19326 | Lair:3   | Identified the +0 buckler of the Arena {rElec rPois Regen+}
 19954 | Lair:3   | Reached skill level 10 in Stealth
 20333 | Lair:4   | Reached XP level 14. HP: 85/90 MP: 29/29
 20469 | Lair:4   | Found a staircase to the Slime Pits.
 20813 | Lair:4   | Identified the +1 great sword of Moderation {flame, rN+
                  | Int+4 Dex+6}
 20943 | Lair:4   | You fall into a shaft and drop 1 floor!
 20943 | Lair:5   | Entered Level 5 of the Lair of Beasts
 20950 | Lair:5   | Reached skill level 1 in Poison Magic
 20959 | Lair:5   | Reached skill level 1 in Air Magic
 20969 | Lair:5   | Identified the "Wedghul" (Sif Muna gifted it to you on
                  | level 5 of the Lair of Beasts)
 20969 | Lair:5   | Received a gift from Sif Muna
 21247 | Lair:5   | Reached skill level 5 in Shapeshifting
 23380 | Lair:5   | Identified the +6 plate armour of the Stallion {Contam
                  | Str+5 Int+5}
 23608 | Swamp:1  | Entered Level 1 of the Swamp
 23622 | Swamp:1  | Reached XP level 15. HP: 39/97 MP: 19/31
 23764 | Swamp:1  | Reached skill level 10 in Spellcasting
 23765 | Swamp:1  | HP: 2/98 [eight-headed hydra (8)]
 23766 | Swamp:1  | Killed by an exploding bloated husk... set off by themself

Illustrated notes

Levels and vault maps discovered:
D:1:      heliophobic_arrival_glass_houses, layout_basic, serial_shops,
          nicolae_shop_hallway_plus, shop, shop, shop
D:2:      layout_basic, chequers_serial_rivers_room_b, uniq_natasha
D:3:      kennysheep_goblin_castle, layout_basic,
          nicolae_overflow_crystal_walls, glass_columns_a, minmay_ruptured
D:4:      kennysheep_kobold_camp, layout_basic
D:5:      cheibrodos_fzero, layout_basic, uniq_pikel
D:6:      layout_rooms, mainiacjoe_overflow_paths, minmay_temple_entry_grid,
          kennysheep_generic_room_15
D:7:      layout_gridville, nicolae_elemental_shop
D:8:      layout_cave_pools, david_lair_shrubbed, minivault_19,
          minmay_small_thing, uniq_maurice
D:9:      layout_roguey, nicolae_titane
D:10:     layout_long_grid, vehumet_altar_wand_db, hiddenorc2_lemuel,
          serial_shops, shop, serial_ice, serial_ice_l, serial_ice_n,
          serial_ice_d, serial_ice_g
Temple:   nicolae_temple_bog_church
Lair:1:   layout_roguey, grunt_megastairs_2, lemuel_fruit_fields, uniq_amaemon
Lair:2:   wad_woods_tower, layout_regular_city,
          nicolae_swamp_entry_splash_gauntlet, pdpol_lair_cabin_in_the_woods,
          infiniplex_staircase_pool_2
Lair:3:   layout_small_grid, minmay_snake_entry_guardpost_small,
          nicolae_quartered_pool_little, worms_lemuel
Lair:4:   layout_gridlike, nicolae_slime_entry_field_trip, lemuel_fruit_fields
Lair:5:   hangedman_lair_in_review, layout_long_grid,
          chequers_serial_rivers_micro_a
Swamp:1:  layout_basic_swamp, evilmike_swamp_ruin_house_4, swamp_pool3
Orc:1:    layout_caves, basic_altar, uniq_gastronok, uniq_urug
Orc:2:    st_orc_rangers, layout_caves, serial_shops, shop, uniq_snorg
Elf:1:    eino_elf_arrival_the_gate, layout_geoelf_octagon, serial_shops, shop,
          serial_sigils, serial_sigils_hangedman_shear,
          serial_sigils_hangedman_clutch, serial_sigils_hangedman_scratch,
          serial_sigils_hangedman_leer, serial_sigils_hangedman_snap,
          uniq_donald

Skill      XL: |  1  2  3  4  5  6  7  8  9 10 11 12 13 14 15 |
---------------+----------------------------------------------+-----
Stealth        | 3 4 5 6 7 8 9 10 | 10.0
Hexes          | 1 2 4 5 6 7 |  7.0
Conjurations   | 2 3 4 5 7 8 9 |  9.8
Dodging        | 3 4 5 6 7 8 |  8.1
Spellcasting   | 3 4 5 6 7 8 9 10 | 10.0
Fire Magic     | 4 5 6 7 8 |  8.1
Short Blades   | 2 3 4 5 |  5.0
Fighting       | 1 2 3 4 5 6 7 |  7.6
Summonings     | 2 3 5 |  5.0
Shapeshifting  | 1 2 3 4 5 |  5.0
Ice Magic      | 1 3 4 6 7 8 |  8.0
Invocations    | 1 2 4 6 7 9 |  9.3
Poison Magic   | 3 |  3.0
Air Magic      | 3 |  3.0

Action                     |  1- 3 |  4- 6 |  7- 9 | 10-12 | 13-15 || total
---------------------------+-------+-------+-------+-------+-------++-------
  Melee: Unarmed           |    19 |    23 |       |       |       ||    42
         Constrict         |     7 |    11 |    26 |    17 |    12 ||    73
         Tentacles         |     2 |     9 |    22 |    17 |    41 ||    91
         Dagger            |       |     5 |    98 |    81 |   148 ||   332
         Punch             |       |       |     4 |       |     4 ||     8
  Throw: Dart              |       |       |     4 |     5 |       ||     9
   Cast: Foxfire           |    54 |   136 |   122 |   457 |   311 ||  1080
         Scorch            |     1 |     5 |    12 |    64 |    62 ||   144
         Inner Flame       |       |     5 |    10 |    22 |    11 ||    48
         Flame Wave        |       |       |     1 |    22 |    49 ||    72
         Hailstorm         |       |       |     1 |     1 |     2 ||     4
         Summon Guardian G |       |       |       |     6 |     5 ||    11
         Fireball          |       |       |       |     8 |    33 ||    41
         Brom's Barrelling |       |       |       |       |     4 ||     4
         Mephitic Cloud    |       |       |       |       |     3 ||     3
 Invoke: Channel Magic     |       |       |       |       |     1 ||     1
  Evoke: Wand              |       |       |     1 |       |       ||     1
    Use: Scroll            |       |       |       |    13 |     8 ||    21
         Potion            |       |       |       |     5 |     3 ||     8
   Stab: Sleeping          |     1 |     2 |     6 |     9 |    13 ||    31
         Distracted        |       |       |     1 |     2 |    10 ||    13
 Armour: Skin              |     6 |    27 |    23 |    76 |   135 ||   267
  Dodge: Dodged            |    17 |    77 |   130 |   227 |   272 ||   723
  Block: Buckler           |       |       |       |       |    22 ||    22
   Form: Beast             |       |       |       |       |     1 ||     1

Table legend: (Time is in decaauts)
 A = Elapsed time spent in this place.
 B = Non-inter-level travel time spent in this place.
 C = Inter-level travel time spent in this place.
 D = Time resting spent in this place.
 E = Time spent auto-exploring this place.
 F = Levels seen in this place.
 G = Mean time per level.
                   A        B        C        D        E       F      G
               +--------+--------+--------+--------+--------+-----+--------+
         Total |  23712 |  22214 |   1498 |   1402 |  14828 |  20 | 1185.6 |
       Dungeon |  12643 |  11381 |   1262 |    446 |   7902 |  10 | 1264.3 |
        Temple |     22 |     15 |      7 |      0 |      0 |   1 |   22.0 |
          Lair |   8030 |   7894 |    136 |    359 |   5614 |   5 | 1606.0 |
         Swamp |     58 |     58 |      0 |      0 |      0 |   1 |   58.0 |
  Orcish Mines |   2943 |   2852 |     91 |    597 |   1312 |   2 | 1471.5 |
   Elven Halls |     13 |     13 |      0 |      0 |      0 |   1 |   13.0 |
               +--------+--------+--------+--------+--------+-----+--------+

Top non-repeatable levels by time:
  Lair:5: 2197 daAuts
     D:4: 1800 daAuts
  Lair:2: 1799 daAuts
  Lair:3: 1621 daAuts
   Orc:1: 1611 daAuts
    D:10: 1587 daAuts
     D:3: 1558 daAuts
     D:5: 1457 daAuts
   Orc:2: 1331 daAuts
     D:1: 1302 daAuts
  Lair:1: 1297 daAuts
     D:2: 1137 daAuts
  Lair:4: 1115 daAuts
     D:6: 1045 daAuts
     D:8: 1016 daAuts
